 Dungeon Crawl Stone Soup version 0.28-a0-1182-g381e24db82 (webtiles) character file.

Game seed: 17170005866678431481

3119 siradein the Caller (level 9, -2/111 HPs)
             Began as a Hill Orc Summoner on Dec 17, 2021.
             Was an Initiate of Yredelemnul.
             Killed from afar by an orc wizard (7 damage)
             ... with a magic dart
             ... on level 7 of the Dungeon.
             The game lasted 00:52:10 (11491 turns).

siradein the Caller (Hill Orc Summoner)            Turns: 11491, Time: 00:52:11

Health: -2/111     AC: 24    Str: 13    XL:     9   Next: 91%
Magic:  6/14       EV:  2    Int: 23    God:    Yredelemnul [......]
Gold:   315        SH:  5    Dex: 17    Spells: 2/15 levels left

rFire   . . .      SeeInvis .   u - +0 rapier
rCold   . . .      Faith    .   m - +0 buckler
rNeg    . . .      Spirit   .   (armour currently unavailable)
rPois   +          Reflect  .   (helmet currently unavailable)
rElec   .          Harm     .   (cloak currently unavailable)
rCorr   .          Rampage  .   (gloves currently unavailable)
Will    .....      NoTele   +   (boots currently unavailable)
Stlth   ++........              o - amulet of the acrobat
HPRegen 0.28/turn               w - +6 ring of intelligence
MPRegen 0.14/turn               C - +6 ring of dexterity

@: tree-form, hasted, very quick
A: stationary, stasis, torment immunity, boosted hp
a: Renounce Religion, Recall Undead Harvest


You were on level 7 of the Dungeon.
You worshipped Yredelemnul.
Yredelemnul was noncommittal.
You were a tree.
You visited 2 branches of the dungeon, and saw 8 of its levels.

You collected 315 gold pieces.

Inventory:

Hand Weapons
 d - a +4 quarterstaff of chaos
 r - a +0 trident
 u - a +0 rapier (weapon)
Armour
 b - a +0 cloak (melded)
 c - a +0 pair of boots (melded)
 f - a +0 ring mail (melded)
 h - a +0 pair of gloves (melded)
 m - a +0 buckler (worn)
 t - a +0 tower shield
Magical Staves
 p - a staff of fire
Jewellery
 a - a ring of protection from fire
 o - an amulet of the acrobat (around neck)
 q - a +4 ring of evasion
 w - a +6 ring of intelligence (left branch)
 C - a +6 ring of dexterity (right branch)
Wands
 x - a wand of paralysis (12)
 B - a wand of mindburst (6)
Scrolls
 k - 2 scrolls of teleportation
 l - a scroll of fear {unknown}
 s - a scroll of amnesia
 v - a scroll of fog {unknown}
 y - 2 scrolls of noise {unknown}
 A - a scroll of brand weapon {unknown}
Potions
 e - a potion of cancellation {unknown}
 g - 2 potions of curing {unknown}
 j - a potion of brilliance {unknown}
 z - a potion of attraction {unknown}


   Skills:
 + Level 5.5 Fighting
 + Level 3.5 Staves
 + Level 4.9 Armour
 + Level 4.1 Dodging
 - Level 1.5 Stealth
 + Level 3.9 Shields
 + Level 3.9 Spellcasting
 + Level 2.9 Hexes
 + Level 6.2 Summonings
 + Level 2.3 Air Magic
 + Level 1.1 Invocations
 + Level 3.5 Evocations


You had 2 spell levels left.
You knew the following spells:

 Your Spells              Type           Power      Damage    Failure   Level
a - Summon Small Mammal   Summ           100%       N/A       1%          1
b - Call Imp              Summ           33%        N/A       1%          2
c - Call Canine Familiar  Summ           33%        N/A       2%          3
d - Summon Guardian Gole  Hex/Summ       25%        N/A       4%          3
e - Summon Lightning Spi  Summ/Air       24%        N/A       19%         4

Your spell library contained the following spells:

 Spells                   Type           Power      Damage    Failure   Level
 Sandblast                Erth           8%         2d5       11%         1
 Passwall                 Tmut/Erth      3%         N/A       16%         2
 Stone Arrow              Conj/Erth      8%         3d7       32%         3
 Summon Mana Viper        Hex/Summ       25%        N/A       41%         5
 Summon Forest            Summ/Tloc      9%         N/A       63%         5
 Summon Cactus Giant      Summ           16%        N/A       77%         6


Dungeon Overview and Level Annotations

Branches:
Dungeon (7/15)             Temple (1/1) D:6

Altars:
Ashenzari
Cheibriados
Dithmenos
Elyvilon
Fedhas
Gozag
Hepliaklqana
Kikubaaqudgha
Makhleb
Nemelex Xobeh
Okawaru
Qazlal
Ru
Trog
Uskayaw
Vehumet
Wu Jian
Xom
Yredelemnul
Zin
The Shining One

Shops:
D:2 :   D:3 *

Annotations:
D:5 3 runed translucent doors, Dittersdorf's ghost, novice GrFi


Message History

* * * LOW HITPOINT WARNING * * *
The orc barely misses you.
Your hound misses the orc.
You hit the orc wizard but do no damage.
The orc wizard is heavily wounded.
Your hound bites the orc.
The orc wizard casts a spell.
The orc wizard flickers and vanishes!
The orc hits you but does no damage.
You barely miss the orc.
The orc is moderately wounded.
Your hound bites the orc.
You hear some strange, mumbled words.
Something tries to affect you, but you resist.
You closely miss the orc.
The orc is severely wounded.
Your hound closely misses the orc.
You block the orc's attack.
You barely miss the orc.
The orc is severely wounded.
Your hound bites the orc but does no damage.
Something hits you but does no damage. The orc misses your hound.
The kobold throws a stone.
You block the stone.
You closely miss the orc.
The orc is severely wounded.
Your hound bites the orc.
Something hits you but does no damage.
The orc hits your hound but does no damage.
Your hound bites the orc.
The orc dies!
A black mist starts to gather...
You cannot move.
You cannot move.
You cannot move.
You cannot move.
You cannot move.
You hit something but do no damage.
The kobold throws a stone.
The stone hits you but does no damage. Something hits you but does no damage.
You miss something.
The kobold throws a stone.
You hear some strange, mumbled words.
A magic dart appears from out of thin air!
The magic dart hits you!
You die...
Your body rises from the dead as a mindless zombie.

##...## #+# #.
##.## #K #.## #.
#####..### #.
#.#####........###
###.
.......rK...)....+
+...
.#####o###...Z###
#.## #.# #..#h#
#... #.# #5##♣#


#KSo #$###.##{# #..) #....o.{K# #..# #####.#### #.. #.# #.# #.# #. #<# .. #.#
..K #.. You could see a kobold, a friendly hound (summoned) and a friendly orc
zombie.

Vanquished Creatures
  A boulder beetle (D:6)
  Grinder (D:3)
  A water moccasin (D:7)
  2 centaurs
  A necrophage (D:5)
  An ogre (D:5)
  A phantom (D:3)
  Blork the orc (D:5)
  A water moccasin skeleton (D:5)
  A jelly (D:6)
  3 hounds
  A bullfrog skeleton (D:6)
  A centaur skeleton (D:7)
  An iguana (D:4)
  An orc wizard (D:4)
  A scorpion zombie (D:4)
  A hound zombie (D:4)
  A hound skeleton (D:5)
  A howler monkey zombie (D:4)
  5 adders
  A howler monkey skeleton (D:6)
  2 adder zombies (D:4)
  3 worms
  3 dart slugs
  13 orcs
  6 bats
  3 endoplasms
  3 giant cockroaches
  8 goblins
  13 hobgoblins
  8 kobolds
  A quokka (D:3)
  6 ball pythons
  5 frilled lizards
  A jackal skeleton (D:4)
  A quokka zombie (D:4)
  4 rats
108 creatures vanquished.

Vanquished Creatures (collateral kills)
  An ice beast (D:6)
  A black bear (D:5)
  A necrophage (D:6)
  An ogre (D:5)
  2 centaurs
  A kobold brigand (D:7)
  A scorpion (D:5)
  2 wights (D:6)
  A jelly (D:5)
  Crazy Yiuf (D:2)
  5 orc priests
  An iguana (D:4)
  2 orc wizards
  A hound zombie (D:4)
  5 adders
  An adder skeleton (D:4)
  6 orcs
  A ball python (D:4)
  A bat (D:1)
  A hobgoblin (D:4)
  2 kobolds
  A frilled lizard (D:1)
39 creatures vanquished.

Vanquished Creatures (others)
  An ice beast (D:6)
  A human (D:6)
  2 wights (D:6)
  An orc wizard (D:6)
  A kobold zombie (D:7)
  An orc (D:6)
  2 orc zombies
  A plant (D:5)
  A withered plant (D:4)
11 creatures vanquished.

Grand Total: 158 creatures vanquished

Notes
Turn   | Place    | Note
-------+----------+-------------------------------------------
     0 | D:1      | siradein the Hill Orc Summoner began the quest for the Orb.
     0 | D:1      | Reached XP level 1. HP: 14/14 MP: 3/3
   446 | D:1      | Reached XP level 2. HP: 9/22 MP: 4/4
   758 | D:1      | Reached skill level 1 in Fighting
   973 | D:1      | Reached skill level 1 in Armour
  1141 | D:1      | Reached XP level 3. HP: 23/28 MP: 5/5
  1502 | D:2      | Learned a level 2 spell: Call Imp
  1532 | D:2      | Found a blossoming altar of Fedhas.
  1563 | D:2      | Found Pepamo's Book Emporium.
  2017 | D:2      | Reached XP level 4. HP: 25/36 MP: 5/7
  2187 | D:2      | Learned a level 3 spell: Call Canine Familiar
  2318 | D:2      | Found a runed translucent door.
  2319 | D:2      | Noticed Crazy Yiuf
  2859 | D:2      | Killed Crazy Yiuf
  3137 | D:3      | Found Onwet's Assorted Antiques.
  3244 | D:3      | Reached XP level 5. HP: 38/41 MP: 8/8
  3728 | D:3      | Noticed Grinder
  3784 | D:3      | Killed Grinder
  3785 | D:3      | Reached skill level 1 in Staves
  3785 | D:3      | Reached XP level 6. HP: 6/51 MP: 6/9
  4325 | D:3      | Learned a level 3 spell: Summon Guardian Golem
  4480 | D:3      | HP: 1/51 [orc priest (3)]
  4485 | D:3      | Reached skill level 5 in Summonings
  4485 | D:3      | Reached XP level 7. HP: 2/57 MP: 9/11
  5167 | D:4      | Identified the +1 leather armour "Searel" {Harm rF- Int+9}
  5247 | D:3      | Reached skill level 1 in Shields
  5481 | D:4      | Reached skill level 1 in Evocations
  6591 | D:5      | Entered Level 5 of the Dungeon
  6607 | D:5      | Reached XP level 8. HP: 66/66 MP: 12/12
  6620 | D:5      | Learned a level 4 spell: Summon Lightning Spire
  6662 | D:5      | Found a runed translucent gate.
  6662 | D:5      | Noticed Dittersdorf's ghost (novice GrFi)
  6663 | D:5      | Found a runed translucent gate.
  6663 | D:5      | Found a runed translucent gate.
  7170 | D:5      | Noticed Blork the orc
  7192 | D:5      | Killed Blork the orc
  7193 | D:5      | Reached skill level 1 in Hexes
  7289 | D:5      | HP: 5/100 [poisoned by a scorpion]
  7293 | D:5      | HP: 2/100 [poisoned by a scorpion]
  7860 | D:5      | Reached skill level 1 in Air Magic
  8636 | D:6      | Found a shadowy altar of Dithmenos.
  8744 | D:6      | Reached XP level 9. HP: 60/72 MP: 14/14
  8896 | D:6      | Noticed a boulder beetle
  9535 | D:6      | Found an ancient bone altar of Kikubaaqudgha.
  9606 | D:6      | Reached skill level 5 in Fighting
 10094 | D:6      | Killed a boulder beetle
 10095 | D:6      | Reached skill level 6 in Summonings
 10202 | D:6      | Found a staircase to the Ecumenical Temple.
 10212 | Temple   | Entered the Ecumenical Temple
 10564 | Temple   | Became a worshipper of Yredelemnul the Dark
 11099 | D:7      | Reached * piety under Yredelemnul
 11476 | D:7      | Reached skill level 1 in Invocations
 11483 | D:7      | HP: 5/111 [orc (4)]
 11491 | D:7      | Killed from afar by an orc wizard

Illustrated notes

Levels and vault maps discovered:
D:1:      dpeg_arrival_simpleton_b, layout_basic, minmay_misc_feat_enclosed,
          minmay_box_of_dots
D:2:      layout_basic, serial_shops, nicolae_diamond_shop, basic_altar,
          small_statue_intersection, uniq_crazy_yiuf_cottage
D:3:      layout_loops_corners, serial_shops, shop, feat_on_display,
          uniq_grinder
D:4:      layout_rooms, serial_undead, serial_undead_f, serial_undead_e,
          serial_undead_b, serial_undead_d
D:5:      corexii_shack_village, layout_basic, gammafunk_ghost_split,
          uniq_blork_the_orc
D:6:      layout_rooms, tgw_kikubaaqudgha, grunt_dithmenos_smoke, temple_green
D:7:      layout_loops_corners, enter_ossuary_3, minivault_11, minivault_22,
          minmay_manual_mares
Temple:   mainiacjoe_temple_big_plus

Skill      XL: |  1  2  3  4  5  6  7  8  9 |
---------------+----------------------------+-----
Fighting       | 1 2 3 4 5 |  5.5
Armour         | 1 2 3 4 |  4.9
Dodging        | 2 3 4 |  4.1
Spellcasting   | 2 3 |  3.9
Staves         | 1 2 3 |  3.5
Summonings     | 5 6 |  6.2
Shields        | 1 2 3 |  3.9
Evocations     | 1 2 3 |  3.5
Hexes          | 1 2 |  2.9
Air Magic      | 1 2 |  2.3
Invocations    | 1 |  1.1
Stealth        | |  1.5

Action                   |  1- 3 |  4- 6 |  7- 9 || total
-------------------------+-------+-------+-------++-------
Melee: Dagger            |    34 |       |       ||    34
       Unarmed           |    19 |       |       ||    19
       Whip              |    57 |       |       ||    57
       Quarterstaff      |    23 |    73 |       ||    96
       Mace              |     2 |       |    25 ||    27
       Falchion          |       |    31 |    47 ||    78
       Staff             |       |    15 |    24 ||    39
       Rapier            |       |       |   349 ||   349
       Trident           |       |       |    40 ||    40
 Cast: Summon Small Mamm |     6 |       |     6 ||    12
       Call Imp          |     3 |     8 |    48 ||    59
       Call Canine Famil |       |     1 |    28 ||    29
       Summon Guardian G |       |       |    11 ||    11
  Use: Potion            |       |     2 |     4 ||     6
       Scroll            |       |       |     4 ||     4
 Stab: Paralysed         |       |     3 |       ||     3
       Distracted        |       |       |     5 ||     5
Armor: Scale mail        |    67 |       |       ||    67
       Robe              |     8 |       |       ||     8
       Ring mail         |    13 |    45 |   183 ||   241
       Skin              |       |       |    28 ||    28
Dodge: Dodged            |    97 |    68 |   401 ||   566
Block: Buckler           |       |     7 |   124 ||   131

Table legend: (Time is in decaauts)
 A = Elapsed time spent in this place.
 B = Non-inter-level travel time spent in this place.
 C = Inter-level travel time spent in this place.
 D = Time resting spent in this place.
 E = Time spent auto-exploring this place.
 F = Levels seen in this place.
 G = Mean time per level.
                   A        B        C        D        E       F      G
               +--------+--------+--------+--------+--------+-----+--------+
         Total |  11670 |  11321 |    349 |   2273 |   6502 |   8 | 1458.8 |
       Dungeon |  11279 |  10968 |    311 |   2273 |   6196 |   7 | 1611.3 |
        Temple |    390 |    352 |     38 |      0 |    306 |   1 |  390.0 |
               +--------+--------+--------+--------+--------+-----+--------+

Top non-repeatable levels by time:
     D:5: 2518 daAuts
     D:3: 2272 daAuts
     D:2: 1641 daAuts
     D:6: 1568 daAuts
     D:4: 1533 daAuts
     D:1: 1494 daAuts
  Temple: 390 daAuts
     D:7: 250 daAuts
